 Dungeon Crawl Stone Soup version 0.28.0-45-g0d030f2227 (webtiles) character file.

Game seed: 12172990398117102766

17 namelastname112 the Skirmisher (level 2, 26/26 HPs)
             Began as a Draconian Monk on Mar 29, 2022.
             Was an Initiate of Yredelemnul.
             Quit the game on level 1 of the Dungeon.
             The game lasted 00:00:57 (1039 turns).

namelastname112 the Skirmisher (Draconian Monk)     Turns: 1039, Time: 00:00:57

Health: 26/26      AC:  4    Str: 13    XL:     2   Next: 44%
Magic:  2/2        EV: 12    Int: 10    God:    Yredelemnul [......]
Gold:   16         SH:  0    Dex: 13    Spells: 2/2 levels left

rFire   . . .      SeeInvis .     - Unarmed
rCold   . . .      Faith    .   (no shield)
rNeg    . . .      Spirit   .   (armour unavailable)
rPois   .          Reflect  .   (helmet restricted)
rElec   .          Harm     .   (no cloak)
rCorr   .          Rampage  .   (no gloves)
Will    .....                   (no boots)
Stlth   ++........              (no amulet)
HPRegen 0.08/turn               (no ring)
MPRegen 0.08/turn               (no ring)

@: no status effects
A: AC +4, unfitting armour, cold-blooded
a: Renounce Religion, Recall Undead Harvest


You were on level 1 of the Dungeon.
You worshipped Yredelemnul.
Yredelemnul was noncommittal.
You visited 1 branch of the dungeon, and saw 1 of its levels.

You collected 16 gold pieces.

Inventory:

Missiles
 b - 2 atropa-tipped darts (quivered)
Scrolls
 c - a scroll of identify {unknown}
 f - a scroll of fear {unknown}
Potions
 a - a potion of heal wounds {unknown}
 d - a potion of brilliance {unknown}
 e - a potion of might {unknown}


   Skills:
 + Level 3.5 Fighting
 + Level 2.8 Dodging
 - Level 1.7 Stealth
 * Level 3.3 Unarmed Combat
 + Level 0.6 Spellcasting


You had 2 spell levels left.
You didn't know any spells.
Your spell library contained the following spells:

 Spells                   Type           Power      Damage    Failure   Level
 Stone Arrow              Conj/Erth      0%         3d7       73%         3
 Lehudib's Crystal Spear  Conj/Erth      0%         10d2      100%        8
 Animate Armour           Summ/Erth      Unusable   N/A       N/A         4

Dungeon Overview and Level Annotations

Branches:
Dungeon (1/15)

Altars:
Yredelemnul


Innate Abilities, Weirdness & Mutations

Your plain brown scales are hard. (AC +4)
You cannot fit into any form of body armour.
You are cold-blooded and may be slowed by cold attacks.


Message History

f - a scroll labelled PEYFE KEYWU You swap places!
Key pressed, stopping explore!
A bat comes into view!
A bat is nearby!!!
The bat closely misses you! The bat hits you but does no damage!
You miss the bat! You tail-slap the bat! Your punch misses the bat!
The bat is severely wounded!
The bat misses you!
You pummel the bat like a punching bag!
You annihilate the bat!!!
No target in view!!!
No target in view!!!
No target in view!!!
No target in view!!!
No target in view!!!
No target in view!!!
No target in view!!!
No target in view!!!
No target in view!!!
You now have 16 gold pieces (gained 9)!
Found a dagger!
Key pressed, stopping explore!
Found a stone staircase leading down!
You swap places!
Key pressed, stopping explore!
Key pressed, stopping explore!
No target in view!!!
Key pressed, stopping explore!
You swap places!
Key pressed, stopping explore!
You swap places!
Key pressed, stopping explore!
Okay, then!
Saving game!!! please wait!
Options error: Cannot find file "HDamage.rc". (~/.crawlrc:115) Welcome back, namelastname112 the Draconian Monk!
Yredelemnul says: Carry the black torch!!!
Rouse the idle dead!!!
Press ? for a list of commands and other information!
Are you sure you want to abandon this character and quit the game? (Confirm with "yes"!)

######8...8###.#.####.#
###....##...##.#.#......# #
.......##...##....>####.##.##
.......##...##..............#
###....#8...8#.#.#.#.##.##.##
#########...##.#.#.#.##.##.#
.#8###8##...##.#.###.##.##.#
............##.#.# #.##.##.#
............8#.#@# #.##..#.#
............##.#Z###.##..#.##
.#8###8###8###.#............#
.#############....#####..#.##
#####.....#.##.#.##8###..#.#
...##...........##.....)...##
....#.........###...........#
....#.........#8......##.####
##..#......####.....#....#


You could see a friendly ball python zombie.

Vanquished Creatures
  A dart slug (D:1)
  3 bats (D:1)
  2 endoplasms (D:1)
  A giant cockroach (D:1)
  A goblin (D:1)
  A hobgoblin (D:1)
  A quokka (D:1)
  3 rats (D:1)
13 creatures vanquished.

Vanquished Creatures (collateral kills)
  An endoplasm (D:1)
1 creature vanquished.

Grand Total: 14 creatures vanquished

Notes
Turn   | Place    | Note
-------+----------+-------------------------------------------
     0 | D:1      | namelastname112 the Draconian Monk began the quest for the
                  | Orb.
     0 | D:1      | Reached XP level 1. HP: 19/19 MP: 1/1
   412 | D:1      | Found a faded altar of an unknown god.
   416 | D:1      | Reached XP level 2. HP: 26/26 MP: 2/2
   433 | D:1      | Prayed at the altar of an unknown god.
   433 | D:1      | Became a worshipper of Yredelemnul the Dark
  1039 | D:1      | Quit the game

Illustrated notes

Levels and vault maps discovered:
D:1:      amcnicky_arrival_single_pillar, layout_basic, serial_corexii_hall,
          corexii_hall_statues_l, chequers_hall_statues_y,
          chequers_hall_statues_y, shapermc_ecumenical_altar_acropolis,
          minmay_hedge_maze, serial_bayou_pond_e

Action                   || total
-------------------------++-------
Melee: Unarmed           ||    47
       Tailslap          ||     3
 Stab: Sleeping          ||     3
Armor: Skin              ||     8
Dodge: Dodged            ||    19
